 Seeded DCSS version 0.28-a0-1117-g0bdd5ba030 (webtiles) character file.

Game seed: 8791393020925935162 (custom seed)

30 flotson the Ducker (level 3, -1/25 HPs)
             Began as a Felid Berserker on Dec 11, 2021.
             Was a Follower of Trog.
             Slain by Natasha (6 damage)
             ... on level 2 of the Dungeon.
             The game lasted 00:01:13 (1146 turns).

flotson the Ducker (Felid Berserker)                Turns: 1146, Time: 00:01:14

Health: -1/25      AC:  1    Str: 15    XL:     3   Next: 3%
Magic:  4/4        EV: 18    Int:  8    God:    Trog [*.....]
Gold:   57         SH:  0    Dex: 15    Spells: 2/2 levels left
                                        Lives:  0   Deaths: 0

rFire   . . .      SeeInvis +     - Unarmed
rCold   . . .      Faith    .   (shield unavailable)
rNeg    . . .      Spirit   .   (armour unavailable)
rPois   .          Reflect  .   (helmet unavailable)
rElec   .          Harm     .   (cloak unavailable)
rCorr   .          Rampage  .   (gloves unavailable)
Will    .....                   (boots unavailable)
Stlth   ..........              (no amulet)
HPRegen 0.08/turn               (no ring)
MPRegen 0.09/turn               (no ring)

@: berserking, very quick
A: very small, claws 1, fangs 3, see invisible, speed 1, shaggy fur 1, stealthy
paws, no weapons or thrown items, no armour, multi-lived
a: Renounce Religion, Berserk


You were on level 2 of the Dungeon.
You worshipped Trog.
Trog was aware of your devotion.
You visited 1 branch of the dungeon, and saw 2 of its levels.

You collected 57 gold pieces.

Inventory:

Scrolls
 b - 3 scrolls of teleportation {unknown}
 c - a scroll of enchant armour {unknown}
 d - a scroll of magic mapping {unknown}
 e - a scroll of torment {unknown}
Potions
 a - a potion of attraction {unknown}


   Skills:
 + Level 3.4 Fighting
 + Level 4.6 Dodging
 + Level 3.4 Unarmed Combat


You had 2 spell levels left.
You didn't know any spells.
Your spell library was empty.

Dungeon Overview and Level Annotations

Branches:
Dungeon (2/15)

Altars:
Cheibriados

Annotations:
D:2 Natasha


Innate Abilities, Weirdness & Mutations

You have sharp claws.
You have razor-sharp teeth.
You have supernaturally acute eyesight. (SInv)
You cover ground quickly. (Speed+)
You are covered in fur. (AC +1)
Your paws help you pounce on unaware monsters.
You are incapable of wielding weapons or throwing items.
You cannot wear armour.
You gain extra lives every three experience levels.


Message History

Natasha is heavily wounded.
Natasha closely misses you.
You barely miss Natasha.
Natasha is heavily wounded.
Natasha misses you.
You closely miss Natasha.
Natasha is heavily wounded.
Natasha misses you.
You barely miss Natasha.
Natasha is heavily wounded.
Natasha closely misses you.
You barely miss Natasha.
Natasha is heavily wounded.
Natasha closely misses you.
You scratch Natasha but do no damage.
Natasha is heavily wounded.
You scratch Natasha but do no damage.
Natasha is heavily wounded.
Natasha barely misses you.
You scratch Natasha but do no damage.
Natasha is heavily wounded.
Natasha claws you.
You closely miss Natasha.
Natasha is heavily wounded.
Natasha stares at you and mumbles some strange words.
The magic dart hits you!
Ouch! That really hurt!
* * * LOW HITPOINT WARNING * * *
You are too injured to fight recklessly!
You are too injured to fight recklessly!
You are too injured to fight recklessly!
You are too injured to fight recklessly!
You are too injured to fight recklessly!
A red film seems to cover your vision as you go berserk!
You feel yourself moving faster!
You feel mighty!
Natasha mumbles some strange words.
You completely miss Natasha.
Natasha is heavily wounded.
Natasha claws you.
You die...

..##.# #...#
..# # ##.## ..#
#.##########
....
#.##......[#
..##
##.##.#####
#.........#
#..##.#.#.# #
#..##.#.###.#
....##.#..@h5#
..##.##.#######
#.. #.##.# #.
#.##.# #.
..##.#


You could see Natasha and a white imp (summoned).

Vanquished Creatures
  An adder (D:2)
  2 endoplasms
  A giant cockroach (D:2)
  3 goblins
  A hobgoblin (D:1)
  3 jackals (D:1)
  A quokka (D:1)
  A ball python (D:1)
  4 frilled lizards
  2 kobolds
19 creatures vanquished.

Notes
Turn   | Place    | Note
-------+----------+-------------------------------------------
     0 | D:1      | flotson the Felid Berserker began the quest for the Orb.
     0 | D:1      | Reached XP level 1. HP: 10/10 MP: 2/2
     6 | D:1      | Noticed an electric eel
   254 | D:1      | Reached XP level 2. HP: 9/14 MP: 3/3
   518 | D:1      | Found a faded altar of an unknown god.
   846 | D:2      | Found a snail-covered altar of Cheibriados.
  1065 | D:2      | Reached XP level 3. HP: 17/17 MP: 4/4
  1132 | D:2      | Noticed Natasha
  1146 | D:2      | Slain by Natasha

Illustrated notes

Levels and vault maps discovered:
D:1:      arrival_aquarium_a, layout_rooms, ebering_ecumenical_altar_hall
D:2:      layout_basic, basic_altar, uniq_natasha

Action                   || total
-------------------------++-------
Melee: Unarmed           ||    61
       Bite              ||     7
       Punch             ||     1
Invok: Berserk           ||     2
 Stab: Sleeping          ||     2
Armor: Skin              ||     2
Dodge: Dodged            ||    34

Table legend: (Time is in decaauts)
 A = Elapsed time spent in this place.
 B = Non-inter-level travel time spent in this place.
 C = Inter-level travel time spent in this place.
 D = Time resting spent in this place.
 E = Time spent auto-exploring this place.
 F = Levels seen in this place.
 G = Mean time per level.
                   A        B        C        D        E       F      G
               +--------+--------+--------+--------+--------+-----+--------+
         Total |   1059 |   1031 |     28 |      0 |    915 |   2 |  529.5 |
       Dungeon |   1059 |   1031 |     28 |      0 |    915 |   2 |  529.5 |
               +--------+--------+--------+--------+--------+-----+--------+

Top non-repeatable levels by time:
     D:1: 771 daAuts
     D:2: 288 daAuts
